 Dungeon Crawl Stone Soup version 0.17.1-3-g152610e (webtiles) character file.

287346 ImaNewbie the Executioner (level 21, 0/261 HPs)
             Began as a Formicid Fighter on Feb 25, 2016.
             Was a High Priest of Qazlal.
             Splashed by an acid blob's acid (8 damage)
             ... created by the royal jelly
             ... on level 6 of the Pits of Slime on Feb 26, 2016.
             The game lasted 03:51:26 (49148 turns).

ImaNewbie the Executioner (Formicid Fighter)       Turns: 49148, Time: 03:51:26

Health: 0/261      AC: 34    Str: 34    XL:     21   Next: 54%
Magic:  23/30      EV:  2    Int: 10    God:    Qazlal [*****.]
Gold:   3034       SH: 21    Dex: 17    Spells: 0 memorised, 20 levels left

rFire  . . .     SeeInvis .     f - +9 executioner's axe (protect)
rCold  + . .     Clarity  +     (armour currently unavailable)
rNeg   + + +     SustAt   .     c - +0 shield
rPois  +         Gourm    .     (helmet unavailable)
rElec  .         Spirit   .     (cloak currently unavailable)
rCorr  .         Warding  .     (gloves currently unavailable)
rMut   +         Stasis   +     (boots currently unavailable)
MR     ++...                    b - amulet of resist mutation
Stlth  +.........               P - ring of protection from cold
                                i - +4 ring of protection

@: mighty, agile, tree-form, protected from physical damage, corroded equipment,
repel missiles, very resistant to hostile enchantments, very unstealthy
A: permanent stasis, dig shafts and tunnels, four strong arms, (antennae 0),
(claws 0), (hooves 0), thin skeletal structure 1, clarity, spit poison 1,
subdued magic 1
a: Spit Poison, Upheaval, Elemental Force, Disaster Area, Renounce Religion
}: 2/15 runes: decaying, serpentine


You were on level 6 of the Pits of Slime.
You worshipped Qazlal.
Qazlal was extremely pleased with you.
You were not hungry.
You were a tree.
You visited 8 branches of the dungeon, and saw 43 of its levels.
You also visited: Labyrinth.

You collected 3810 gold pieces.
You spent 776 gold pieces at shops.

Inventory:

Hand Weapons
 f - a +9 executioner's axe of protection (weapon)
 F - a +0 war axe of flaming
 K - the +3 Elemental Staff {rElec rF++ rC++ MR++ AC+5}
   (You found it on level 5 of the Dungeon)

   It affects your AC (+5).
   It greatly protects you from fire.
   It greatly protects you from cold.
   It insulates you from electricity.
   It affects your resistance to hostile enchantments.
Armour
 c - a +0 shield (worn)
 g - the +2 plate armour of Infinity (melded) {Regen+ rCorr}
   (You found it on level 15 of the Dungeon)

   It increases your rate of regeneration.
   It protects you from acid and corrosion.
 p - a +3 plate armour of magic resistance
 q - a +1 pair of boots of running (melded)
 r - a +1 pair of gloves (melded)
 x - the +0 cloak "Ynuxkemp" {rPois}
   (You found it on level 12 of the Dungeon)

   It protects you from poison.
 B - a +0 crystal plate armour
 E - a +2 plate armour of fire resistance
 X - the +2 cloak "Zesoth" (melded) {Int+2}
   (You acquired it on level 4 of the Swamp)

   It affects your intelligence (+2).
Jewellery
 a - a +3 ring of evasion
 b - an amulet of resist mutation (around neck)
 i - a +4 ring of protection (left branch)
 H - an uncursed ring of sustain attributes
 P - a ring of protection from cold (right branch)
 Q - an uncursed ring of protection from fire
Wands
 k - a wand of fireball (5)
 o - a wand of digging (19)
 v - a wand of heal wounds (1)
 w - a wand of disintegration (9)
 Y - a wand of polymorph (4)
Scrolls
 h - a scroll of summoning
 D - a scroll of fear
 G - 17 scrolls of identify
 L - 3 scrolls of enchant weapon
 O - 6 scrolls of enchant armour
 R - 4 scrolls of fog
 S - a scroll of silence
 T - 3 scrolls of magic mapping
 V - 4 scrolls of remove curse
 Z - a scroll of holy word
Potions
 d - 6 potions of might
 j - 7 potions of agility
 l - 6 potions of flight
 m - a potion of cure mutation
 n - 7 potions of cancellation
 t - 2 potions of lignification
 u - 15 potions of curing
 z - a potion of invisibility
 I - 4 potions of heal wounds
Miscellaneous
 U - a phial of floods (inert)
Comestibles
 e - 20 bread rations
 s - 12 royal jellies
 A - a slice of pizza
 C - 26 meat rations
 M - 40 fruits


   Skills:
 + Level 17.2 Fighting
 + Level 22.2 Axes
 - Level 16.8 Armour
 - Level 10.0 Shields
 - Level 12.1 Invocations
 - Level 12.0 Evocations


You had 20 spell levels left.
You didn't know any spells.

Dungeon Overview and Level Annotations

Branches:
Dungeon (15/15)            Temple (1/1) D:7            Lair (8/8) D:8
  Swamp (4/4) Lair:5        Snake (4/4) Lair:4        Slime (6/6) Lair:6
    Orc (4/4) D:9             Elf (0/3) Orc:4        Vaults (0/5) D:13
 Depths (1/5) D:15

Altars:
Ashenzari
Cheibriados
Dithmenos
Elyvilon
Fedhas
Gozag
Kikubaaqudgha
Makhleb
Nemelex Xobeh
Okawaru
Qazlal
Ru
Sif Muna
Trog
Vehumet
Xom
Yredelemnul
Zin
The Shining One
Beogh
Jiyva

Shops:
D:2 *   D:7 !   Orc:4 :??[:?=   Snake:2 =   Snake:4 ![

Annotations:
D:2 exclusion: downstairs
Lair:6 exclusion: 4 oklob plants
Depths:1 Sojobo, Wiglaf


Innate Abilities, Weirdness & Mutations

You are under a permanent stasis effect.
You can dig through walls and to a lower floor.
Your four strong arms can wield two-handed weapons with a shield.
((You have a pair of large antennae on your head (SInv).))
((You have sharp fingernails.))
((You have large cloven feet.))
You have a somewhat thin skeletal structure (Dex +2, Stealth).
You possess an exceptional clarity of mind.
You can spit weak poison.
Your spells are a little easier to cast, but a little less powerful.


Message History

The azure jelly hits you but does no damage. x2
You block the azure jelly's attack.
The azure jelly hits you but does no damage. x2
Evoke which item? (* to show all) (? for menu, Esc to quit)
Zapping:
v - a wand of heal wounds (2)
Press: ? - help, Shift-Dir - straight line, f - you You feel much better.
This wand has 1 charge left.
You block the acid blob's attack. You block the azure jelly's attack.
You block the azure jelly's attack.
The azure jelly hits you but does no damage. x2
The death ooze hits you but does no damage.
You block the death ooze's attack.
The azure jelly hits you but does no damage. x3
The azure jelly hits you.
* * * LOW HITPOINT WARNING * * *
You feel more protected from physical attacks.
The acid blob hits you!!
* * * LOW HITPOINT WARNING * * *
You are splashed with acid!
The acid burns!
You die...

### ##.## ####
###...###..##
##...§#.§....###
###.....JJJ≈§....###
#.......J♣JJ.......##
#......§§JJ§≈........
.........§.§≈≈§........
..........≈J≈≈.........
.............≈..§.≈....
................≈......
...........≈...........
.......................
..................


You could see 4 acid blobs, 4 azure jellies and a death ooze.

Vanquished Creatures
  the royal jelly (Slime:6)
  the Lernaean hydra (Swamp:4)
  Rupert (D:15)
  16 acid blobs
  Frances (D:13)
  A tengu reaver (D:15)
  13 azure jellies
  11 greater nagas
  Maud (D:10)
  An orc warlord (Orc:4)
  Aizul (Snake:3)
  Louise (Swamp:1)
  A very ugly thing (D:15)
  6 dire elephants (Lair:8)
  Snorg (Lair:3)
  7 death oozes
  A minotaur (Lab)
  Erolcha (Orc:4)
  Josephine (Orc:2)
  A catoblepas (Lair:5)
  16 naga warriors
  22 hydras
  34 anacondas
  4 great orbs of eyes
  2 ghost crabs (Swamp:4)
  8 alligators
  2 ogre magi (Orc:4)
  A death yak (Lair:7)
  2 centaur warriors
  12 naga sharpshooters
  Urug (D:13)
  3 shock serpents
  Sonja (D:13)
  4 salamander mystics
  A skeletal warrior (D:13)
  A fire crab (Lair:6)
  A spriggan druid (Swamp:3)
  A deep elf knight (D:13)
  A sea snake (Snake:4)
  4 shambling mangroves
  A swamp dragon (shapeshifter) (D:15)
  10 naga ritualists
  A giant orange brain (Slime:4)
  An unseen horror (D:13)
  7 hill giants
  11 swamp dragons
  5 shining eyes
  4 lindwurms (Lair:8)
  8 mana vipers
  3 orc knights
  A cyclops (D:11)
  4 manticores
  7 orc sorcerers (Orc:4)
  6 salamanders
  18 ugly things
  2 hornets
  2 centaur zombies
  Maurice (Orc:1)
  31 elephants
  2 eyes of devastation
  15 guardian serpents
  2 torpor snails
  51 black mambas
  20 spiny frogs
  32 naga magi
  2 kobold demonologists
  11 komodo dragons
  4 yaktaurs
  2 fire drakes
  A deep elf priest (D:13)
  A queen bee (Lair:3)
  2 two-headed ogres
  A troll (shapeshifter) (D:15)
  The ghost of Grim the Jinx, a novice SpEn (D:4)
  3 trolls
  A boulder beetle (Lair:8)
  3 giant leeches
  78 slime creatures
  2 wyverns
  9 bog bodies (Swamp:4)
  9 blink frogs
  5 shadows
  A water elemental (D:13)
  Sigmund (D:4)
  3 deep elf magi
  2 golden eyes (Slime:2)
  6 spriggans
  9 vampire mosquitoes
  3 wraiths (Orc:2)
  13 hippogriffs
  3 trapdoor spiders
  81 yaks
  The ghost of Clownie the Shield-Bearer, an amateur FoFi (D:3)
  A hungry ghost (D:9)
  24 wolves
  12 swamp worms
  11 wargs
  5 basilisks
  22 water moccasins
  A mottled dragon (D:14)
  66 nagas
  13 insubstantial wisps
  5 ice beasts
  16 porcupines
  26 orc warriors
  6 sky beasts
  A black bear (D:6)
  2 phantoms
  12 swamp drakes
  An eye of draining (Slime:3)
  16 wasps
  8 centaurs
  15 ogres
  3 necrophages
  5 boggarts (D:15)
  4 big kobolds
  23 giant frogs
  17 crocodiles
  A brain worm (D:13)
  A gnoll sergeant (D:11)
  A water moccasin zombie (D:10)
  A scorpion (D:5)
  3 wights (D:14)
  29 killer bees
  3 electric eels
  6 crimson imps
  A quasit (D:12)
  A giant frog zombie (D:12)
  4 giant frog skeletons
  5 hounds
  8 iguanas
  Ijyb (D:3)
  25 jellies
  10 centaur skeletons
  27 orc priests
  Jessica (D:2)
  A gnoll shaman (D:8)
  50 orc wizards
  Natasha (thrice) (D:4)
  A statue (D:5)
  6 worker ants
  A killer bee zombie (D:8)
  14 sheep
  2 hound skeletons
  2 worker ant zombies (D:6)
  Robin (D:4)
  14 adders
  8 gnolls
  30 river rats
  2 shadow imps
  2 oozes
  An adder zombie (D:8)
  5 worms
  8 giant geckos
  205 orcs
  7 ball pythons
  8 bats
  9 giant cockroaches
  14 hobgoblins
  14 jackals
  7 quokkas
  A giant gecko skeleton (D:5)
  4 giant newts
  14 goblins
  A jackal skeleton (D:6)
  11 kobolds
  A quokka skeleton (D:4)
  5 rats
  3 bushes
  2 butterflies
  82 fungi
  63 plants
1737 creatures vanquished.

Vanquished Creatures (others)
  A greater naga (Snake:4)
  A naga warrior (Snake:3)
  A giant leech (Swamp:4)
  A slime creature (Swamp:4)
  A deep elf mage (D:10)
  5 insubstantial wisps (Swamp:4)
  A swamp drake (Swamp:4)
  A jelly (Slime:2)
  A worker ant (D:10)
  A quokka (D:9)
  A bush (Swamp:4)
  34 fungi
  22 plants
71 creatures vanquished.

Grand Total: 1808 creatures vanquished

Notes
Turn   | Place    | Note
--------------------------------------------------------------
     0 | D:1      | ImaNewbie the Formicid Fighter began the quest for the Orb.
     0 | D:1      | Reached XP level 1. HP: 18/18 MP: 1/1
   153 | D:1      | Reached XP level 2. HP: 24/24 MP: 2/2
   421 | D:1      | Reached XP level 3. HP: 29/29 MP: 3/3
   662 | D:2      | Found a blossoming altar of Fedhas.
   687 | D:2      | Found Zin's Purification Station.
   702 | D:2      | Noticed Jessica
   703 | D:2      | Found a glowing silver altar of Zin.
   721 | D:2      | Killed Jessica
   721 | D:2      | Reached skill level 4 in Axes
   721 | D:2      | Reached XP level 4. HP: 35/35 MP: 4/4
   959 | D:2      | Reached XP level 5. HP: 41/41 MP: 5/5
  1301 | D:2      | Reached skill level 5 in Axes
  1318 | D:3      | Noticed Ijyb
  1333 | D:3      | Killed Ijyb
  1377 | D:3      | Noticed Clownie's ghost (amateur FoFi)
  1562 | D:3      | Found a faded altar to an unknown god.
  1701 | D:3      | Killed Clownie's ghost
  1701 | D:3      | Reached skill level 6 in Axes
  1701 | D:3      | Reached XP level 6. HP: 32/47 MP: 6/6
  2374 | D:3      | You fall through a shaft for 2 floors!
  2374 | D:5      | Entered Level 5 of the Dungeon
  2403 | D:5      | Reached skill level 7 in Axes
  2403 | D:5      | Reached XP level 7. HP: 18/52 MP: 7/7
  2870 | D:4      | Found an opulent altar of Gozag.
  2871 | D:4      | Found a sparkling altar of Nemelex Xobeh.
  3127 | D:4      | Found a snail-covered altar of Cheibriados.
  3137 | D:4      | Noticed Sigmund
  3150 | D:4      | Killed Sigmund
  3150 | D:4      | Reached skill level 8 in Axes
  3175 | D:4      | Reached XP level 8. HP: 36/58 MP: 8/8
  3635 | D:4      | Reached skill level 9 in Axes
  3659 | D:4      | Noticed Grim's ghost (novice SpEn)
  3712 | D:4      | Killed Grim's ghost
  3772 | D:4      | Noticed Robin
  3789 | D:4      | Killed Robin
  3831 | D:4      | Noticed Natasha
  3843 | D:4      | Killed Natasha
  3849 | D:4      | Noticed Natasha
  3857 | D:4      | Killed Natasha
  4173 | D:4      | Reached skill level 10 in Axes
  5234 | D:4      | Found a snail-covered altar of Cheibriados.
  5255 | D:4      | Noticed Natasha
  5258 | D:4      | Killed Natasha
  5271 | D:4      | Gained mutation: You can spit weak poison. [potion of mutation]
  5271 | D:4      | Gained mutation: You have a somewhat thin skeletal structure (Dex +2, Stealth). [potion of mutation]
  5271 | D:4      | Gained mutation: You have large cloven feet. [potion of mutation]
  5382 | D:4      | Found an opulent altar of Gozag.
  5460 | D:5      | Noticed a sky beast
  5465 | D:5      | Killed a sky beast
  5465 | D:5      | Reached XP level 9. HP: 43/64 MP: 9/9
  5737 | D:5      | Noticed an ice beast
  5752 | D:5      | Killed an ice beast
  5752 | D:5      | Reached skill level 5 in Fighting
  6126 | D:5      | Noticed an ice beast
  6138 | D:5      | Killed an ice beast
  6472 | D:5      | Found a radiant altar of Vehumet.
  6600 | D:6      | Found a deep blue altar of Sif Muna.
  6874 | D:6      | Identified a scroll of acquirement
  7126 | D:7      | Found Naidwuew's Distillery.
  7246 | D:7      | Reached XP level 10. HP: 77/82 MP: 10/10
  7271 | D:7      | Found a staircase to the Ecumenical Temple.
  7916 | D:7      | Reached skill level 11 in Axes
  7916 | D:7      | Reached skill level 5 in Shields
  8351 | D:8      | Found a staircase to the Lair.
  9007 | Temple   | Entered the Ecumenical Temple
  9091 | Temple   | Became a worshipper of Qazlal Stormbringer
  9314 | D:8      | Reached skill level 10 in Fighting
  9498 | D:9      | Found a staircase to the Orcish Mines.
  9593 | D:9      | Reached XP level 11. HP: 90/90 MP: 11/11
  9603 | D:9      | Got a translucent leather armour
 10143 | D:9      | Found a white marble altar of Elyvilon.
 10184 | D:9      | Found a shadowy altar of Dithmenos.
 10195 | D:9      | Found a bloodstained altar of Trog.
 10195 | D:9      | Found a sacrificial altar of Ru.
 10198 | D:9      | Found an iron altar of Okawaru.
 10199 | D:9      | Found a shattered altar of Ashenzari.
 10200 | D:9      | Found an ancient bone altar of Kikubaaqudgha.
 10245 | D:9      | Reached * piety under Qazlal
 10245 | D:9      | Reached skill level 12 in Axes
 10609 | D:9      | Gained mutation: You possess an exceptional clarity of mind. [potion of beneficial mutation]
 10657 | Orc:1    | Entered Level 1 of the Orcish Mines
 10835 | Orc:2    | Noticed an orc knight
 10858 | Orc:1    | Killed an orc knight
 10964 | Orc:2    | Noticed Josephine
 11169 | Orc:2    | Killed Josephine
 11179 | Orc:2    | Reached ** piety under Qazlal
 11728 | Orc:3    | Found a roughly hewn altar of Beogh.
 11944 | Orc:2    | Reached *** piety under Qazlal
 12002 | Orc:2    | Reached XP level 12. HP: 55/100 MP: 12/12
 12247 | Orc:2    | Reached skill level 10 in Shields
 12486 | Orc:1    | Noticed Maurice
 12600 | Orc:2    | Reached **** piety under Qazlal
 12960 | Orc:1    | Killed Maurice
 12960 | Orc:1    | Reached skill level 1 in Invocations
 13309 | Lair:1   | Entered Level 1 of the Lair of Beasts
 13329 | Lair:1   | Reached skill level 5 in Armour
 13335 | Lair:1   | Reached skill level 13 in Axes
 14056 | Lair:1   | Identified the +2 leather armour of the Eternal Fruit {rElec rPois Str+3 SInv} (You found it on level 9 of the Dungeon)
 14303 | Lair:2   | HP: 5/102 [black mamba (9)]
 15601 | Lair:3   | Noticed Snorg
 15619 | Lair:3   | Killed Snorg
 16081 | Lair:3   | Reached skill level 5 in Invocations
 16464 | Lair:3   | Reached XP level 13. HP: 103/109 MP: 16/16
 17368 | Lair:3   | Reached ***** piety under Qazlal
 17799 | Lair:4   | Found a staircase to the Snake Pit.
 18980 | Lair:5   | Found a white marble altar of Elyvilon.
 19134 | Lair:5   | Found a staircase to the Swamp.
 19240 | Lair:5   | Reached skill level 10 in Armour
 19412 | Lair:5   | Got a brightly glowing ring mail
 19436 | Lair:5   | Identified the cursed +1 ring mail of Raehiola {*Confuse rElec Str+4} (You found it on level 5 of the Lair of Beasts)
 19787 | Lair:2   | Reached skill level 14 in Axes
 20108 | Lair:6   | Reached XP level 14. HP: 83/118 MP: 19/19
 20178 | Lair:6   | Found a staircase to the Slime Pits.
 20178 | Lair:6   | Found a viscous altar of Jiyva.
 21363 | Lair:7   | Found a labyrinth entrance.
 21385 | Lab      | Entered a labyrinth
 21796 | Lab      | Identified the Incunabulum of Hexes (You found it in a labyrinth)
 22303 | Lair:7   | Identified a cursed +8 rod of shadows (14/14) (You found it in a labyrinth)
 22915 | Orc:4    | Entered Level 4 of the Orcish Mines
 22988 | Orc:4    | Found Iclil's Jewellery Shoppe.
 23136 | Orc:4    | Noticed an orc warlord
 23156 | Orc:4    | Killed an orc warlord
 23403 | Orc:4    | Found Etzamoc's Magic Scroll Shoppe.
 23520 | Orc:4    | Found a staircase to the Elven Halls.
 23543 | Orc:4    | Found Kics's Book Boutique.
 23768 | Orc:4    | Found Rafasobb's Magic Scroll Boutique.
 23809 | Orc:4    | Noticed Erolcha
 23810 | Orc:4    | Found a radiant altar of Vehumet.
 23819 | Orc:4    | Killed Erolcha
 24123 | Orc:4    | Found Xyagruygywk's Antique Armour Boutique.
 24131 | Orc:4    | Bought a pair of glowing boots for 108 gold pieces
 24133 | Orc:4    | Found an ancient bone altar of Kikubaaqudgha.
 24154 | Orc:4    | Identified a +1 pair of boots of running (You bought it in a shop on level 4 of the Orcish Mines)
 24189 | Orc:4    | Found a roughly hewn altar of Beogh.
 24189 | Orc:4    | Found Bihaoni's Book Boutique.
 24196 | Orc:4    | Reached XP level 15. HP: 123/125 MP: 22/22
 24204 | Orc:4    | Found Zaunyzub's Magic Scroll Shop.
 24559 | Swamp:1  | Entered Level 1 of the Swamp
 24562 | Swamp:1  | Noticed Louise
 25063 | Lair:8   | Entered Level 8 of the Lair of Beasts
 25361 | Lair:8   | Reached skill level 15 in Axes
 25361 | Lair:8   | Reached skill level 10 in Invocations
 25600 | Lair:8   | Got a pair of ichor-stained gloves
 25936 | Lair:8   | Identified the +2 pair of gloves of Melancholy {rElec Int+2 Dex-5 SInv} (You found it on level 8 of the Lair of Beasts)
 26974 | Lair:8   | Got a steaming war axe
 26975 | Lair:8   | Identified the +8 war axe of Prudence {chop, *Drain rElec rF- rN+++} (You found it on level 8 of the Lair of Beasts)
 27407 | D:7      | Bought a potion of curing for 36 gold pieces
 27407 | D:7      | Bought a potion of flight for 36 gold pieces
 27407 | D:7      | Bought a potion of curing for 36 gold pieces
 27811 | Lair:8   | Reached XP level 16. HP: 92/134 MP: 24/24
 28019 | D:10     | Entered Level 10 of the Dungeon
 28042 | D:9      | Reached ****** piety under Qazlal
 28140 | D:10     | Noticed Maud
 28172 | D:10     | Killed Maud
 28391 | D:10     | Found an opulent altar of Gozag.
 29671 | D:11     | Found a sparkling altar of Nemelex Xobeh.
 30674 | D:12     | Got a smoking cloak
 30685 | D:12     | Identified the cursed +0 cloak "Ynuxkemp" {rPois} (You found it on level 12 of the Dungeon)
 30921 | Snake:1  | Entered Level 1 of the Snake Pit
 30975 | Snake:1  | Found a stormy altar of Qazlal.
 31184 | Snake:1  | Reached skill level 15 in Fighting
 31514 | Snake:1  | Reached skill level 15 in Armour
 33158 | Snake:2  | Found Cir Deno's Jewellery Emporium.
 33211 | Snake:2  | Reached skill level 16 in Axes
 33211 | Snake:2  | Reached XP level 17. HP: 80/142 MP: 26/26
 35065 | Snake:3  | Noticed Aizul
 35429 | Snake:3  | Killed Aizul
 36408 | Snake:4  | Entered Level 4 of the Snake Pit
 36408 | Snake:4  | Found Wutuekhopol's Armour Shoppe.
 36613 | Snake:4  | Reached skill level 1 in Evocations
 36659 | Snake:4  | Reached XP level 18. HP: 105/151 MP: 27/27
 36734 | Snake:4  | Reached skill level 5 in Evocations
 37333 | Snake:4  | Found a runed gate.
 37333 | Snake:4  | Found a runed gate.
 37333 | Snake:4  | Found a runed gate.
 37879 | Snake:4  | Reached skill level 10 in Evocations
 37907 | Snake:4  | Found Qorelira's Distillery.
 37918 | Snake:4  | Bought a potion of beneficial mutation for 490 gold pieces
 37918 | Snake:4  | Bought a potion of heal wounds for 70 gold pieces
 37918 | Snake:4  | Gained mutation: You have sharp fingernails. [potion of beneficial mutation]
 38842 | Snake:4  | Reached skill level 17 in Axes
 38879 | Snake:4  | Reached XP level 19. HP: 116/157 MP: 28/28
 39396 | Snake:4  | Got a serpentine rune of Zot
 40139 | Swamp:1  | Killed Louise
 40151 | Swamp:1  | Identified Sif Muna's Volume of Ashen Displacement
 40313 | Swamp:1  | Reached skill level 18 in Axes
 41959 | Swamp:4  | Entered Level 4 of the Swamp
 42299 | Swamp:4  | Reached skill level 19 in Axes
 42962 | Swamp:4  | Noticed the 27-headed Lernaean hydra
 42982 | Swamp:4  | Killed the 20-headed Lernaean hydra
 42982 | Swamp:4  | Reached XP level 20. HP: 33/165 MP: 29/29
 43417 | Swamp:4  | Got an ichor-stained cloak
 43429 | Swamp:4  | Identified the +2 cloak "Zesoth" {Int+2} (You acquired it on level 4 of the Swamp)
 43441 | Swamp:4  | Got a decaying rune of Zot
 43906 | D:13     | Noticed Frances
 43926 | D:13     | Killed Frances
 44176 | D:13     | Reached skill level 20 in Axes
 44421 | D:13     | Found a gate to the Vaults.
 44503 | D:13     | Noticed Sonja
 44521 | D:13     | Killed Sonja
 44820 | D:13     | Noticed Urug
 44825 | D:13     | Killed Urug
 45838 | D:15     | Entered Level 15 of the Dungeon
 45971 | D:15     | Found a shattered altar of Ashenzari.
 46059 | D:15     | Noticed Rupert
 46064 | D:15     | Killed Rupert
 46099 | D:15     | Got a brightly glowing plate armour
 46110 | D:15     | Identified the +2 plate armour of Infinity {Regen+ rCorr} (You found it on level 15 of the Dungeon)
 46238 | D:15     | Found a staircase to the Depths.
 46590 | D:15     | Found a sparkling altar of Nemelex Xobeh.
 46703 | Depths:1 | Entered Level 1 of the Depths
 46703 | Depths:1 | Noticed Sojobo
 46720 | Depths:1 | Noticed Wiglaf
 47111 | Slime:1  | Entered Level 1 of the Pits of Slime
 47147 | Slime:1  | Reached skill level 21 in Axes
 48537 | Slime:3  | You fall through a shaft!
 48548 | Slime:4  | Reached XP level 21. HP: 103/171 MP: 19/30
 48885 | Slime:5  | Reached skill level 22 in Axes
 48922 | Slime:6  | Entered Level 6 of the Pits of Slime
 48930 | Slime:6  | Gained mutation: Your spells are a little easier to cast, but a little less powerful. [a shining eye]
 48949 | Slime:6  | Noticed the royal jelly
 49145 | Slime:6  | Killed the royal jelly
 49146 | Slime:6  | HP: 12/261 [acid[the royal jelly] (13)]
 49148 | Slime:6  | Splashed by an acid blob's acid

Action                   |  1- 3 |  4- 6 |  7- 9 | 10-12 | 13-15 | 16-18 | 19-21 || total
-------------------------+-------+-------+-------+-------+-------+-------+-------++-------
Melee: War axe           |    78 |   211 |   377 |    36 |       |       |   144 ||   846
       Battleaxe         |       |       |       |   732 |  1070 |   979 |   237 ||  3018
       Hand axe          |       |       |       |       |    75 |       |       ||    75
       Executioner's axe |       |       |       |       |       |   406 |   630 ||  1036
Invok: Elemental Force   |       |       |       |     1 |       |       |       ||     1
       Upheaval          |       |       |       |       |       |     2 |     8 ||    10
       Disaster Area     |       |       |       |       |       |       |     5 ||     5
 Abil: Dig               |       |       |       |     3 |     1 |     6 |       ||    10
Evoke: Wand              |       |       |       |     2 |     4 |     7 |     8 ||    21
       Phial of floods   |       |       |       |       |     1 |       |     1 ||     2
  Use: Potion            |       |       |     2 |     2 |     1 |     3 |     4 ||    12
       Scroll            |       |       |    20 |     4 |    21 |     3 |    15 ||    63
  Eat: Chunk             |       |     5 |    11 |    31 |    36 |    23 |    21 ||   127
       Meat ration       |       |       |     1 |       |       |       |       ||     1
       Pizza             |       |       |       |       |     1 |     3 |     1 ||     5
       Beef jerky        |       |       |       |       |       |     5 |     7 ||    12
